 Dungeon Crawl Stone Soup version 0.26-a0-774-g1415c89e12 (webtiles) character file.

Game seed: 17314073911764285057

200 Kinoniko the Skirmisher (level 5, -6/61 HPs)
             Began as an Ogre Monk on Nov 9, 2020.
             Mangled by a gnoll
             ... wielding a +0 spear
              (8 damage)
             ... on level 3 of the Dungeon.
             The game lasted 00:03:02 (2701 turns).

Kinoniko the Skirmisher (Ogre Monk)                 Turns: 2701, Time: 00:03:02

Health: -6/61      AC:  4    Str: 15    XL:     5   Next: 79%
Magic:  5/5        EV: 10    Int: 11    God:
Gold:   124        SH:  0    Dex: 12    Spells: 4/4 levels left

rFire    . . .     SeeInvis .   a - +0 hand axe
rCold    . . .     Faith    .   (no shield)
rNeg     . . .     Spirit   .   b - +0 robe
rPois    .         Reflect  .   (helmet restricted)
rElec    .         Harm     .   j - +0 cloak
rCorr    .         Rampage  .   (gloves unavailable)
MR       .....                  (boots unavailable)
Stlth    ++........             (no amulet)
HPRegen  0.20/turn              (no ring)
MPRegen  0.09/turn              (no ring)

@: no status effects
A: large, unfitting armour, tough skin 1
a: no special abilities


You were on level 3 of the Dungeon.
You visited 1 branch of the dungeon, and saw 3 of its levels.

You collected 124 gold pieces.

Inventory:

Hand Weapons
 a - a +0 hand axe (weapon)
 p - a +0 hand axe
Armour
 b - a +0 robe (worn)
 j - a +0 cloak (worn)
Scrolls
 c - a scroll of fear {unknown}
 d - a scroll of random uselessness {unknown}
 l - a scroll of fog {unknown}
Potions
 e - a potion of ambrosia
 f - a potion of brilliance {unknown}
 g - 4 potions of mutation
 h - a potion of flight {unknown}
 i - a potion of heal wounds {unknown}
 n - 2 potions of cancellation {unknown}


   Skills:
 * Level 6.4 Fighting
 * Level 4.8 Axes
 - Level 2.8 Dodging
 - Level 1.4 Stealth


You had 4 spell levels left.
You didn't know any spells.
Your spell library was empty.

Dungeon Overview and Level Annotations

Branches:
Dungeon (3/15)

Altars:


Innate Abilities, Weirdness & Mutations

You are too large for most types of armour.
You have tough skin. (AC +1)


Message History

The gnoll barely misses you.
You hit the gnoll but do no damage.
The gnoll is severely wounded.
The gnoll hits you with a +0 spear.
* * * LOW HITPOINT WARNING * * *
You barely miss the gnoll.
The gnoll is severely wounded.
The gnoll barely misses you.
You hit the gnoll but do no damage.
The gnoll is severely wounded.
The gnoll hits you with a +0 spear.
* * * LOW HITPOINT WARNING * * *
Okay, then.
You hit the gnoll but do no damage.
The gnoll is severely wounded.
The gnoll misses you.
You barely miss the gnoll.
The gnoll is severely wounded.
The gnoll hits you with a +0 spear!
You die...

#...........## #
##.#.....#.## #.
#....##......
##.#####...#
..#...
...........# ..#
#.# ........††##
..# # ..).......#
..#
........).###...
.......@.†....#
.......g.....(..#
...........##.###
..........$# #
..#.....#..#
#####.##..## ..
..# .## ...


You could see a gnoll.

Vanquished Creatures
  Crazy Yiuf (D:2)
  Jessica (D:2)
  2 gnolls (D:3)
  4 adders (D:2)
  3 oozes
  3 worms
  5 dart slugs
  2 leopard geckos
  8 bats
  2 goblins (D:2)
  4 hobgoblins
  9 jackals (D:2)
  6 kobolds
  2 quokkas (D:2)
  A ball python (D:1)
  4 frilled lizards
  4 rats
61 creatures vanquished.

Notes
Turn   | Place    | Note
-------+----------+-------------------------------------------
     0 | D:1      | Kinoniko the Ogre Monk began the quest for the Orb.
     0 | D:1      | Reached XP level 1. HP: 24/24 MP: 1/1
   169 | D:1      | Reached XP level 2. HP: 31/33 MP: 2/2
   674 | D:2      | Reached XP level 3. HP: 31/40 MP: 3/3
   763 | D:2      | Noticed Jessica
   768 | D:2      | Killed Jessica
   768 | D:2      | Reached skill level 5 in Fighting
   961 | D:2      | Reached XP level 4. HP: 50/50 MP: 4/4
  1020 | D:2      | HP: 2/50 [worm (6)]
  1764 | D:2      | Reached XP level 5. HP: 59/59 MP: 5/5
  1867 | D:2      | Reached skill level 6 in Fighting
  2010 | D:2      | Found a runed translucent door.
  2011 | D:2      | Noticed Crazy Yiuf
  2264 | D:2      | Killed Crazy Yiuf
  2699 | D:3      | HP: 1/61 [gnoll/+0 spear (6)]
  2701 | D:3      | Mangled by a gnoll

Illustrated notes

Levels and vault maps discovered:
D:1:      dpeg_arrival_windows_large_door, layout_basic
D:2:      layout_basic, serial_glass, glass_columns_a, glass_columns_a,
          minmay_ruptured, uniq_crazy_yiuf_cottage, uniq_jessica
D:3:      layout_rooms, chequers_ecumenical_altar_twisty

Skill      XL: |  1  2  3  4  5 |
---------------+----------------+-----
Fighting       | 5 6 |  6.4
Axes           | 4 |  4.8
Dodging        | |  2.8
Stealth        | |  1.4

Action                   |  1- 3 |  4- 6 || total
-------------------------+-------+-------++-------
Melee: Hand axe          |    79 |   162 ||   241
  Use: Potion            |       |     2 ||     2
       Scroll            |       |     4 ||     4
 Stab: Sleeping          |     1 |       ||     1
Armor: Robe              |    35 |    38 ||    73
Dodge: Dodged            |    44 |    97 ||   141

Table legend: (Time is in decaauts)
 A = Elapsed time spent in this place.
 B = Non-inter-level travel time spent in this place.
 C = Inter-level travel time spent in this place.
 D = Time resting spent in this place.
 E = Time spent auto-exploring this place.
 F = Levels seen in this place.
 G = Mean time per level.
                   A        B        C        D        E       F      G
               +--------+--------+--------+--------+--------+-----+--------+
         Total |   2724 |   2645 |     79 |   1158 |    994 |   3 |  908.0 |
       Dungeon |   2724 |   2645 |     79 |   1158 |    994 |   3 |  908.0 |
               +--------+--------+--------+--------+--------+-----+--------+

Top non-repeatable levels by time:
     D:2: 1809 daAuts
     D:1: 666 daAuts
     D:3: 248 daAuts
